 Dungeon Crawl Stone Soup version 0.20.1-1-g8b1a95d (webtiles) character file.

42 letownia2 the Grave Robber (level 3, -3/28 HPs)
             Began as a Deep Dwarf Necromancer on Dec 9, 2017.
             Slain by a goblin
             ... wielding a +0 club
             ... led by Robin
              (6 damage)
             ... on level 3 of the Dungeon.
             The game lasted 00:02:50 (1023 turns).

letownia2 the Grave Robber (Deep Dwarf Necromancer) Turns: 1023, Time: 00:02:51

Health: -3/28      AC:  2    Str: 11    XL:     3   Next: 33%
Magic:  6/6        EV: 12    Int: 16    God:
Gold:   19         SH:  0    Dex: 13    Spells: 2/6 levels left

rFire    . . .     SeeInvis .   a - +0 hand axe (holy)
rCold    . . .     Gourm    .   (no shield)
rNeg     . . .     Faith    .   h - +0 robe
rPois    .         Spirit   .   (no helmet)
rElec    .         Reflect  .   (no cloak)
rCorr    .         Harm     .   (no gloves)
MR       .....                  (no boots)
Stlth    ++........             (no amulet)
Regen    0.0/turn               (no ring)
MPRegen  0.1/turn               (no ring)

@: non-regenerating
A: damage resistance, heal wounds, sense surroundings 1, no regeneration
a: Heal Wounds


You were on level 3 of the Dungeon.
You were not hungry.

You visited 1 branch of the dungeon, and saw 3 of its levels.

You collected 19 gold pieces.

Inventory:

Hand Weapons
 a - a +0 hand axe of holy wrath (weapon)
 j - a +0 dagger
Missiles
 l - 18 bolts
Armour
 h - a +0 robe (worn)
Scrolls
 d - a scroll of random uselessness {unknown}
 e - a scroll of noise {unknown}
 f - 2 scrolls of fear {unknown}
 g - 2 scrolls of identify {unknown}
 i - a scroll of fog {unknown}
 m - 3 scrolls of remove curse {unknown}
Potions
 k - a potion of lignification {unknown}
Books
 b - a book of Necromancy

   Spells                             Type                      Level
   a - Pain                           Necromancy                   1
   b - Animate Skeleton               Necromancy                   1
   c - Vampiric Draining              Necromancy                   3
   d - Regeneration                   Charms/Necromancy            3
   e - Animate Dead                   Necromancy                   4
   f - Control Undead                 Necromancy                   4
Comestibles
 c - a bread ration
 n - 2 chunks of flesh


   Skills:
 - Level 2.1 Dodging
 - Level 2.4 Stealth
 - Level 2.1 Spellcasting
 + Level 5.4 Necromancy


You had 2 spell levels left.
You knew the following spells:

 Your Spells              Type           Power        Failure   Level  Hunger
a - Pain                  Necr           ###.         2%          1    #......
v - Vampiric Draining     Necr           ###.......   6%          3    ###....


Dungeon Overview and Level Annotations

Branches:
Dungeon (3/15)

Altars:

Annotations:
D:3 Robin


Innate Abilities, Weirdness & Mutations

You are resistant to damage.
You can heal yourself by infusing magical energy.
You passively map a small area around you.
You do not regenerate.


Message History

* * * LOW HITPOINT WARNING * * *
The hobgoblin barely misses you. The goblin hits you but does no damage.
You hit Robin but do no damage. You closely miss the hobgoblin.
You barely miss the goblin. You barely miss the leopard gecko.
The leopard gecko closely misses you. The hobgoblin completely misses you.
The goblin barely misses you.
Unknown command.
You closely miss Robin. You hit the hobgoblin. You barely miss the goblin.
You barely miss the leopard gecko. The leopard gecko barely misses you.
The hobgoblin closely misses you. Robin closely misses you.
The goblin barely misses you.
The leopard gecko bites you but does no damage.
Unknown command.
You hit Robin but do no damage. You hit the hobgoblin but do no damage.
You hit the goblin but do no damage. You hit the leopard gecko.
The hobgoblin hits you.
* * * LOW HITPOINT WARNING * * *
The leopard gecko barely misses you. Robin barely misses you.
The goblin hits you with a club!
You die...

#...# .. , ,
#!.!####..
#....(.... ,
#.........,,
#>..<.....,
* #....>....
, #<........
* #gg.......
**
#@lg.).... *
*##g......#
, ,
.........* *
*?........ *
..........*
* ###.......
> 8.......
*,** ......
, ,


You could see Robin, a leopard gecko, a hobgoblin and 2 goblins.

Vanquished Creatures
  An ooze (D:1)
  A dart slug (D:1)
  3 bats (D:1)
  A giant cockroach (D:1)
  11 goblins
  3 hobgoblins
  2 jackals (D:2)
  3 kobolds (D:1)
  A ball python (D:3)
  3 rats
29 creatures vanquished.

Notes
Turn   | Place    | Note
-------+----------+-------------------------------------------
     0 | D:1      | letownia2 the Deep Dwarf Necromancer began the quest for the Orb.
     0 | D:1      | Reached XP level 1. HP: 15/15 MP: 3/3
   300 | D:1      | Reached XP level 2. HP: 13/22 MP: 0/5
   703 | D:1      | Reached skill level 5 in Necromancy
   955 | D:2      | Reached XP level 3. HP: 15/28 MP: 4/6
   960 | D:2      | Learned a level 3 spell: Vampiric Draining
  1011 | D:3      | Noticed Robin
  1023 | D:3      | Slain by a goblin

Skill      XL: |  1  2 |
---------------+-------+-----
Spellcasting   | 2 |  2.1
Necromancy     | 5 |  5.4
Dodging        | |  2.1
Stealth        | |  2.4

Action                   || total
-------------------------++-------
Melee: Hand axe          ||    17
 Cast: Pain              ||    35
 Stab: Sleeping          ||     1
  Eat: Chunk             ||     1
Armor: Robe              ||    14
Dodge: Dodged            ||    48
